 Dungeon Crawl Stone Soup version 0.17-a0-2030-g9ce824c (webtiles) character file.

768 Ordine the Covert (level 7, -4/32 HPs)
             Began as a Spriggan Enchanter on Oct 11, 2015.
             Killed by divine providence
             ... invoked by an orc priest
              (10 damage)
             ... on level 5 of the Dungeon.
             The game lasted 00:20:19 (5122 turns).

Ordine the Covert (Spriggan Enchanter)              Turns: 5122, Time: 00:20:19

Health: -4/32      AC:  3    Str:  4    XL:     7   Next: 52%
Magic:  11/18      EV: 19    Int: 18    God:
Gold:   228        SH:  0    Dex: 21    Spells: 5 memorised, 5 levels left

rFire  . . .     SeeInvis +     a - +4 dagger
rCold  . . .     Clarity  .     b - +1 robe
rNeg   . . .     SustAt   .     (shield restricted)
rPois  .         Gourm    .     h - +0 hat
rElec  .         Spirit   .     (no cloak)
rCorr  .         Warding  .     (gloves unavailable)
rMut   .         Stasis   .     (boots unavailable)
MR     +....                    (no amulet)
Stlth  +++++.....               (no ring)
                                t - +4 ring of dexterity

@: very slightly contaminated, very quick, somewhat resistant to hostile
enchantments, quite stealthy
A: unfitting armour, see invisible, herbivore 3, speed 3, slow metabolism 2
a: no special abilities


You were on level 5 of the Dungeon.
You were full.

You visited 1 branch of the dungeon, and saw 8 of its levels.

You collected 228 gold pieces.

Inventory:

Hand Weapons
 a - a +4 dagger (weapon)
Missiles
 o - a throwing net (quivered)
Armour
 b - a +1 robe (worn)
 h - a +0 hat (worn)
Jewellery
 t - a +4 ring of dexterity (left hand)
Wands
 m - a wand of disintegration (24)
Scrolls
 l - 2 scrolls of remove curse
 n - a scroll of fear
 p - 2 scrolls of teleportation
 q - a scroll of amnesia
Potions
 e - a potion of might
 f - 2 potions of poison {unknown}
 g - 4 potions of curing
 i - a potion of resistance {unknown}
 k - a potion of cancellation {unknown}
 r - a potion of agility {unknown}
Books
 c - a book of Maledictions

   Spells                             Type                      Level
   a - Corona                         Hexes                        1
   b - Ensorcelled Hibernation        Hexes/Ice                    2
   c - Confuse                        Hexes                        3
   d - Tukima's Dance                 Hexes                        3
   e - Dazzling Spray                 Conjuration/Hexes            3
 j - a book of Burglary

   Spells                             Type                      Level
   a - Swiftness                      Charms/Air                   2
   b - Passwall                       Transmutation/Earth          3
   c - Passage of Golubria            Translocation                4
   d - Lee's Rapid Deconstruction     Earth                        5
   e - Darkness                       Hexes                        6
   f - Invisibility                   Hexes                        6
Comestibles
 d - 3 bread rations
 s - a slice of pizza


   Skills:
 + Level 4.3 Short Blades
 - Level 3.0 Dodging
 - Level 8.0 Stealth
 - Level 7.0 Spellcasting
 - Level 4.7 Hexes


You had 5 spell levels left.
You knew the following spells:

 Your Spells              Type           Power        Failure   Level  Hunger
a - Corona                Hex            ###....      1%          1    None
b - Ensorcelled Hibernat  Hex/Ice        ##....       8%          2    None
c - Confuse               Hex            ###.....     6%          3    ##.....
d - Dazzling Spray        Conj/Hex       ##......     14%         3    ##.....
e - Invisibility          Hex            ###.....     100%        6    #######


Dungeon Overview and Level Annotations

Branches:
Dungeon (8/15)
 Temple: D:4-7         Lair: D:8-11

Altars:
Ashenzari
Fedhas
Kikubaaqudgha
Nemelex Xobeh
Qazlal
Ru
Sif Muna
Trog
Xom
Yredelemnul
Zin
The Shining One

Shops:
D:7 %

Annotations:
D:5 Grinder


Innate Abilities, Weirdness & Mutations

You are tiny and cannot use many weapons and most armour.
You have supernaturally acute eyesight.
You are a herbivore.
You cover ground extremely quickly.
You need consume almost no food.


Message History

Aim: an orc wizard, wielding a dagger and wearing a robe (fast, chance to defeat MR: 45%)
The orc wizard resists with some effort.
Grinder shouts!
Grinder gestures at you.
You easily resist.
Casting: Ensorcelled Hibernation
Confirm with . or Enter, or press ? or * to list all spells.
Aiming: Ensorcelled Hibernation
Press: ? - help, Shift-Dir - straight line, f/p - orc wizard
Aim: an orc wizard, wielding a dagger and wearing a robe (fast, chance to defeat MR: 45%)
The orc wizard looks drowsy...
The helpless orc wizard fails to defend itself.
You spit the orc wizard like a pig!!!
You kill the orc wizard!
The orc priest calls down the wrath of Beogh upon you.
Something smites you!
* * * LOW HITPOINT WARNING * * *
The orc priest invokes the aid of Beogh against you.
Something smites you!
You die...

≈≈.......##.....
≈≈........#.....
#≈...............
#......5.........
#...............##+# ######
#............# ..... .#...#
.............##.....
.#...#####......@.....>....
.#.............)...........
.........o.................
..†.......###..............
.####.o...........#....###.
..........o...%...#........
....#.....o...###..........
....#....#.#..####..#####..
....#o.o.._....#
#..#A..#...


You could see Grinder, 2 orc priests and an orc.

Vanquished Creatures
  Sigmund (D:3)
  A sky beast (D:3)
  A crimson imp (D:5)
  An orc priest (D:3)
  2 hounds (D:5)
  An iguana (D:3)
  3 orc wizards
  4 worker ants
  8 adders
  An ooze (D:3)
  4 worms
  A giant gecko (D:1)
  19 orcs
  5 giant cockroaches
  12 hobgoblins
  5 jackals
  3 quokkas
  6 bats
  6 giant newts
  5 goblins
  4 kobolds
  A quokka skeleton (D:5)
  5 rats
99 creatures vanquished.

Notes
Turn   | Place    | Note
--------------------------------------------------------------
     0 | D:1      | Ordine the Spriggan Enchanter began the quest for the Orb.
     0 | D:1      | Reached XP level 1. HP: 9/9 MP: 5/5
   205 | D:1      | Reached skill level 5 in Stealth
   263 | D:1      | Reached XP level 2. HP: 13/13 MP: 6/6
   267 | D:1      | Learned a level 2 spell: Ensorcelled Hibernation
  1135 | D:1      | You fall through a shaft!
  1262 | D:2      | Found a sacrificial altar of Ru.
  1621 | D:2      | Reached XP level 3. HP: 13/16 MP: 1/9
  1644 | D:2      | Learned a level 3 spell: Confuse
  1992 | D:2      | Found a glowing golden altar of the Shining One.
  1992 | D:2      | Found a sparkling altar of Nemelex Xobeh.
  2450 | D:3      | Reached XP level 4. HP: 21/21 MP: 8/11
  2659 | D:3      | Reached skill level 5 in Spellcasting
  3046 | D:3      | Reached XP level 5. HP: 14/24 MP: 10/13
  3360 | D:3      | Noticed Sigmund
  3378 | D:3      | Killed Sigmund
  3378 | D:3      | Reached skill level 7 in Spellcasting
  3378 | D:3      | Reached XP level 6. HP: 28/28 MP: 2/17
  3565 | D:3      | Noticed a sky beast
  3573 | D:3      | Killed a sky beast
  4106 | D:4      | Found a deep blue altar of Sif Muna.
  4109 | D:4      | Found an ancient bone altar of Kikubaaqudgha.
  4114 | D:4      | Found a blossoming altar of Fedhas.
  4114 | D:4      | Found a bloodstained altar of Trog.
  4116 | D:4      | Found a shattered altar of Ashenzari.
  4116 | D:4      | Found a stormy altar of Qazlal.
  4131 | D:4      | Learned a level 3 spell: Dazzling Spray
  4138 | D:4      | Learned a level 6 spell: Invisibility
  4592 | D:4      | Reached skill level 8 in Stealth
  4592 | D:4      | Reached XP level 7. HP: 32/32 MP: 15/18
  4646 | D:5      | Entered Level 5 of the Dungeon
  4659 | D:5      | Found a basalt altar of Yredelemnul.
  4905 | D:5      | You fall through a shaft for 3 floors!
  4911 | D:7      | Found Puxuutz's Food Shop.
  4960 | D:5      | Found a shimmering altar of Xom.
  4960 | D:5      | Noticed an angel
  4966 | D:5      | Found a glowing silver altar of Zin.
  5117 | D:5      | Noticed Grinder
  5122 | D:5      | Killed from afar by an orc priest

Vault maps used:
D:1:      matt_arrival_diagonals
D:2:      gammafunk_temple_overflow_elements, minmay_statues_item,
          nicolae_ru_awakened_eye
D:3:      uniq_sigmund
D:4:      grunt_temple_overflow_open
D:5:      grunt_temple_overflow_order_and_chaos_1, lemuel_crystal_altar,
          minmay_temple_entry_fiery, first_bread, lemuel_another_geyser,
          uniq_grinder
D:6:      grunt_decor_resistance
D:7:      serial_shops, shop, shop, nicolae_shop_waterfront, shop, the_bakery,
          uniq_prince_ribbit1
D:8:      nicolae_ossuary_entry_giza, uniq_grum

Action                   |  1- 3 |  4- 6 |  7- 9 || total
-------------------------+-------+-------+-------++-------
Melee: Dagger            |    78 |    62 |    18 ||   158
Throw: Throwing net      |       |     1 |       ||     1
 Cast: Ensorcelled Hiber |    16 |    41 |    16 ||    73
       Confuse           |       |     1 |     2 ||     3
       Corona            |       |     1 |       ||     1
  Use: Scroll            |     8 |     4 |     1 ||    13
 Stab: Sleeping          |    27 |    39 |    13 ||    79
       Distracted        |       |     1 |       ||     1
       Confused          |       |     1 |     2 ||     3
  Eat: Fruit             |       |     1 |       ||     1
       Bread ration      |       |       |     1 ||     1
